[ AOE2 MATCH · #475971967 ]
UnrankedLithuanians vs Vietnamese
[ REPLAY ANALYSIS · EXTRACTED FROM THE RECORDED GAME ]
Feudal
12:10
Castle
15:46
Imperial
28:47
| APM avg | 30.2 |
| APM peak | 70 |
| eAPM avg | 16.3 |
| Villagers / military | 138 / 73 |
Focus
⚔️ 19.7% · 🌾 80.3%
Leitis ×72 · Trade Cart ×15 · Monk ×1
Feudal
11:25
Castle
24:23
Imperial
38:09
| APM avg | 27.8 |
| APM peak | 45 |
| eAPM avg | 17.3 |
| Villagers / military | 124 / 69 |
Focus
⚔️ 23.9% · 🌾 76.1%
Archer ×59 · Skirmisher ×6 · Monk ×2 · Mangonel ×2
Feudal
12:25
Castle
16:25
Imperial
35:16
| APM avg | 29.6 |
| APM peak | 68 |
| eAPM avg | 23.0 |
| Villagers / military | 195 / 103 |
Focus
⚔️ 22.6% · 🌾 77.4%
Leitis ×97 · Trade Cart ×20 · Trebuchet (Packed) ×3 · Monk ×2 · Mangonel ×1
Feudal
16:20
Castle
22:56
Imperial
—
| APM avg | 22.7 |
| APM peak | 90 |
| eAPM avg | 10.4 |
| Villagers / military | 38 / 9 |
Focus
⚔️ 24.9% · 🌾 75.1%
Genitour ×5 · Militia ×4
Feudal
14:44
Castle
28:42
Imperial
—
| APM avg | 56.5 |
| APM peak | 98 |
| eAPM avg | 28.2 |
| Villagers / military | 122 / 52 |
Focus
⚔️ 35.2% · 🌾 64.8%
Archer ×50 · Petard ×2
Feudal
12:40
Castle
18:59
Imperial
34:29
| APM avg | 23.3 |
| APM peak | 57 |
| eAPM avg | 15.6 |
| Villagers / military | 142 / 3 |
Focus
⚔️ 14.5% · 🌾 85.5%
Unknown (1908) ×31 · Trebuchet (Packed) ×2 · Monk ×1
Feudal
10:20
Castle
24:12
Imperial
—
| APM avg | 37.0 |
| APM peak | 62 |
| eAPM avg | 18.8 |
| Villagers / military | 177 / 58 |
Focus
⚔️ 16.0% · 🌾 84.0%
Skirmisher ×22 · Mangudai ×19 · Archer ×17
Feudal
10:35
Castle
14:58
Imperial
34:43
| APM avg | 16.0 |
| APM peak | 35 |
| eAPM avg | 12.3 |
| Villagers / military | 131 / 12 |
Focus
⚔️ 13.1% · 🌾 86.9%
Steppe Lancer ×7 · Mangonel ×3 · Monk ×1 · Knight ×1
Match map
Initial resources + every placement click. Lines = walls · curves = elevation contours. ◆ gold · ⬟ stone · ● berries · ✦ relic · ◌ wall gap
Your base· Open — opponent sealed themselves in
pataka's base· ✓ Closed at 24:23 · 16t walls · 1 gate(s)
InterfectoremTR's base· Open — opponent sealed themselves in
Wospenzukh's base· ✓ Closed at 22:56 · 59t walls · 1 gate(s)
tigerdownhill_'s base· Open — opponent sealed themselves in
びたみん's base· ✓ Closed at 18:59 · 0t walls · no gate
shogun's base· Open — opponent sealed themselves in
头铁's base· ✓ Closed at 14:58 · 0t walls · no gate
Smoothed initial terrain · ◌ = detected wall gap · hover for details
Inputs per minute
— thomasshing2 - - pataka
Build order — thomasshing2
First 150 of 368 actions detected
| 0:02 | Create | Villager (Male) ×5 |
| 0:03 | Build | House |
| 0:07 | Build | House |
| 0:21 | Create | Villager (Male) |
| 0:21 | Research | Loom |
| 0:22 | Create | Villager (Male) ×5 |
| 1:36 | Create | Villager (Male) |
| 1:37 | Create | Villager (Male) |
| 2:18 | Build | Palisade Wall |
| 2:35 | Create | Villager (Male) |
| 2:56 | Build | Lumber Camp |
| 2:58 | Create | Villager (Male) |
| 3:22 | Create | Villager (Male) |
| 3:41 | Create | Villager (Male) |
| 4:27 | Create | Villager (Male) |
| 4:40 | Build | House |
| 5:10 | Build | House |
| 5:13 | Build | House |
| 5:38 | Create | Villager (Male) |
| 6:15 | Create | Villager (Male) |
| 6:16 | Create | Villager (Male) |
| 6:16 | Create | Villager (Male) |
| 6:34 | Create | Villager (Male) |
| 6:45 | Build | Mill |
| 7:08 | Create | Villager (Male) |
| 7:21 | Create | Villager (Male) |
| 8:04 | Build | Mining Camp |
| 8:31 | Create | Villager (Male) |
| 8:31 | Create | Villager (Male) |
| 8:32 | Create | Villager (Male) |
| 9:26 | Research | Feudal Age |
| 10:40 | Create | Villager (Male) |
| 10:40 | Create | Villager (Male) |
| 12:10 | Age | Feudal Age |
| 12:17 | Build | Market |
| 12:21 | Build | Blacksmith |
| 12:26 | Research | Double-Bit Axe |
| 13:06 | Research | Castle Age |
| 13:06 | Research | Castle Age |
| 13:29 | Build | House |
| 13:31 | Build | House |
| 13:32 | Build | House |
| 13:40 | Research | Horse Collar |
| 15:46 | Age | Castle Age |
| 15:51 | Build | Town Center |
| 15:54 | Create | Villager (Male) |
| 16:01 | Build | Town Center |
| 16:07 | Research | Bow Saw |
| 16:09 | Research | Heavy Plow |
| 16:20 | Build | Town Center |
| 16:23 | Create | Villager (Male) |
| 16:36 | Build | Monastery |
| 16:47 | Create | Villager (Male) |
| 17:05 | Create | Villager (Male) |
| 17:16 | Build | Farm |
| 17:31 | Create | Villager (Male) |
| 17:35 | Create | Villager (Male) |
| 17:38 | Build | Farm |
| 17:40 | Build | Farm |
| 17:41 | Build | Farm |
| 17:45 | Build | Farm |
| 17:47 | Create | Villager (Male) |
| 17:50 | Build | Farm |
| 17:52 | Build | Farm |
| 17:53 | Build | Farm |
| 17:59 | Create | Villager (Male) |
| 18:02 | Create | Villager (Male) |
| 18:10 | Create | Villager (Male) |
| 18:13 | Create | Villager (Male) |
| 18:15 | Build | Farm |
| 18:20 | Create | Villager (Male) |
| 18:22 | Create | Villager (Male) |
| 18:27 | Create | Monk |
| 18:31 | Create | Villager (Male) |
| 18:37 | Create | Villager (Male) |
| 18:39 | Build | Farm |
| 18:43 | Build | Farm |
| 18:53 | Create | Villager (Male) |
| 19:00 | Build | Farm |
| 19:02 | Build | Farm |
| 19:05 | Create | Villager (Male) |
| 19:08 | Build | Farm |
| 19:11 | Build | Farm |
| 19:12 | Build | Farm |
| 19:14 | Build | Farm |
| 19:16 | Build | Farm |
| 19:23 | Create | Villager (Male) |
| 19:25 | Create | Villager (Male) |
| 19:28 | Build | Farm |
| 19:40 | Create | Villager (Male) |
| 19:43 | Build | Farm |
| 19:50 | Create | Villager (Male) |
| 19:55 | Create | Villager (Male) |
| 19:59 | Build | Farm |
| 20:02 | Create | Villager (Male) |
| 20:10 | Create | Villager (Male) |
| 20:11 | Build | Farm |
| 20:13 | Build | Farm |
| 20:23 | Create | Villager (Male) |
| 20:25 | Build | Farm |
| 20:28 | Create | Villager (Male) |
| 20:35 | Create | Villager (Male) |
| 20:39 | Build | House |
| 20:40 | Build | House |
| 20:42 | Create | Villager (Male) |
| 20:44 | Build | Farm |
| 20:47 | Build | Farm |
| 20:49 | Build | Farm |
| 20:51 | Build | Farm |
| 20:55 | Create | Villager (Male) |
| 20:57 | Build | Farm |
| 20:59 | Create | Villager (Male) |
| 21:01 | Build | Farm |
| 21:03 | Build | Farm |
| 21:04 | Create | Villager (Male) |
| 21:11 | Create | Villager (Male) |
| 21:16 | Create | Villager (Male) |
| 21:29 | Build | House |
| 21:30 | Build | House |
| 21:31 | Build | House |
| 21:32 | Create | Villager (Male) |
| 21:33 | Build | Farm |
| 21:35 | Create | Villager (Male) |
| 21:36 | Create | Villager (Male) |
| 21:38 | Create | Villager (Male) |
| 21:41 | Build | Farm |
| 21:42 | Build | Farm |
| 21:45 | Build | Farm |
| 21:52 | Research | Wheelbarrow |
| 21:58 | Create | Villager (Male) |
| 22:03 | Build | Farm |
| 22:18 | Research | Stone Mining |
| 22:20 | Create | Villager (Male) |
| 22:21 | Create | Villager (Male) |
| 22:24 | Create | Villager (Male) |
| 22:26 | Create | Villager (Male) |
| 22:29 | Build | House |
| 22:30 | Build | House |
| 22:31 | Build | House |
| 22:32 | Build | House |
| 22:35 | Build | Farm |
| 22:36 | Create | Villager (Male) |
| 22:36 | Create | Villager (Male) |
| 22:40 | Create | Villager (Male) |
| 22:45 | Build | Farm |
| 22:46 | Build | Farm |
| 22:47 | Build | Farm |
| 22:52 | Create | Villager (Male) |
| 22:53 | Create | Villager (Male) |
| 22:54 | Create | Villager (Male) |
Build order — pataka
First 150 of 272 actions detected
| 0:02 | Create | Villager (Male) |
| 0:02 | Create | Villager (Male) |
| 0:03 | Build | House |
| 0:05 | Build | House |
| 0:28 | Create | Villager (Male) |
| 0:28 | Create | Villager (Male) |
| 1:04 | Research | Loom |
| 1:08 | Create | Villager (Male) |
| 1:08 | Create | Villager (Male) |
| 1:43 | Build | Palisade Wall |
| 1:44 | Create | Villager (Male) |
| 1:44 | Create | Villager (Male) |
| 1:45 | Create | Villager (Male) |
| 2:13 | Create | Villager (Male) |
| 2:14 | Create | Villager (Male) |
| 2:33 | Create | Villager (Male) |
| 2:34 | Create | Villager (Male) |
| 3:13 | Create | Villager (Male) |
| 3:14 | Create | Villager (Male) |
| 3:34 | Build | Lumber Camp |
| 3:40 | Create | Villager (Male) |
| 3:40 | Create | Villager (Male) |
| 3:50 | Build | House |
| 4:40 | Create | Villager (Male) |
| 4:40 | Create | Villager (Male) |
| 4:41 | Create | Villager (Male) |
| 4:41 | Create | Villager (Male) |
| 5:02 | Create | Villager (Male) |
| 5:02 | Create | Villager (Male) |
| 5:27 | Build | Palisade Wall |
| 5:41 | Build | House |
| 5:50 | Create | Villager (Male) |
| 6:01 | Create | Villager (Male) |
| 6:01 | Create | Villager (Male) |
| 6:15 | Create | Villager (Male) |
| 6:15 | Create | Villager (Male) |
| 6:28 | Create | Villager (Male) |
| 6:28 | Create | Villager (Male) |
| 6:56 | Create | Villager (Male) |
| 7:10 | Create | Villager (Male) |
| 7:10 | Create | Villager (Male) |
| 7:10 | Create | Villager (Male) |
| 7:14 | Build | Mill |
| 7:36 | Create | Villager (Male) |
| 7:36 | Create | Villager (Male) |
| 7:37 | Create | Villager (Male) |
| 8:10 | Build | Mining Camp |
| 8:28 | Build | House |
| 8:48 | Create | Villager (Male) |
| 9:15 | Research | Feudal Age |
| 10:32 | Build | Barracks |
| 10:43 | Create | Villager (Male) |
| 10:43 | Create | Villager (Male) |
| 10:50 | Create | Villager (Male) |
| 10:54 | Create | Villager (Male) |
| 10:54 | Create | Villager (Male) |
| 10:59 | Create | Villager (Male) |
| 10:59 | Create | Villager (Male) |
| 11:06 | Create | Villager (Male) |
| 11:06 | Create | Villager (Male) |
| 11:14 | Create | Villager (Male) |
| 11:14 | Create | Villager (Male) |
| 11:25 | Age | Feudal Age |
| 11:33 | Build | Stone Wall |
| 11:34 | Create | Villager (Male) |
| 11:43 | Research | Double-Bit Axe |
| 12:00 | Build | Archery Range |
| 12:18 | Create | Villager (Male) |
| 12:26 | Build | Archery Range |
| 12:35 | Build | Watch Tower |
| 12:40 | Build | House |
| 12:41 | Build | House |
| 12:46 | Create | Archer |
| 12:47 | Create | Archer |
| 12:51 | Build | House |
| 12:54 | Build | House |
| 13:10 | Create | Villager (Male) |
| 13:42 | Create | Skirmisher |
| 13:43 | Create | Skirmisher |
| 13:45 | Build | House |
| 13:52 | Build | Farm |
| 13:52 | Build | Farm |
| 13:53 | Build | Farm |
| 14:00 | Create | Skirmisher |
| 14:05 | Build | Blacksmith |
| 14:13 | Build | House |
| 14:36 | Create | Skirmisher |
| 14:48 | Create | Villager (Male) |
| 14:50 | Build | House |
| 15:08 | Create | Skirmisher |
| 15:08 | Create | Skirmisher |
| 15:38 | Create | Villager (Male) |
| 15:41 | Build | Blacksmith |
| 16:40 | Create | Villager (Male) |
| 16:43 | Build | Farm |
| 16:44 | Create | Villager (Male) |
| 16:55 | Create | Villager (Male) |
| 17:07 | Build | House |
| 17:14 | Create | Villager (Male) |
| 17:17 | Build | Farm |
| 17:22 | Create | Villager (Male) |
| 17:26 | Build | Farm |
| 17:34 | Create | Villager (Male) |
| 17:35 | Create | Villager (Male) |
| 17:50 | Create | Villager (Male) |
| 17:56 | Build | Farm |
| 17:56 | Build | Farm |
| 17:56 | Build | Farm |
| 18:09 | Research | Fletching |
| 18:13 | Build | Farm |
| 18:14 | Create | Villager (Male) |
| 18:24 | Build | Gate |
| 18:26 | Build | House |
| 19:04 | Create | Villager (Male) |
| 19:19 | Create | Villager (Male) |
| 19:27 | Build | Market |
| 19:28 | Create | Villager (Male) |
| 19:39 | Research | Horse Collar |
| 19:40 | Create | Villager (Male) |
| 21:16 | Create | Villager (Male) |
| 21:24 | Build | Outpost |
| 21:43 | Research | Castle Age |
| 22:24 | Build | Farm |
| 22:24 | Build | Farm |
| 22:24 | Build | Farm |
| 22:30 | Build | House |
| 22:31 | Build | House |
| 22:51 | Create | Villager (Male) |
| 23:44 | Create | Villager (Male) |
| 23:55 | Create | Villager (Male) |
| 24:14 | Create | Archer ×5 |
| 24:14 | Create | Archer ×5 |
| 24:15 | Create | Villager (Male) |
| 24:19 | Build | Lumber Camp |
| 24:23 | Age | Castle Age |
| 24:31 | Create | Villager (Male) |
| 25:17 | Research | Crossbowman (upgrade) |
| 25:18 | Research | Thumb Ring |
| 25:18 | Research | Thumb Ring |
| 25:19 | Create | Villager (Male) |
| 25:19 | Create | Villager (Male) |
| 25:26 | Create | Villager (Male) |
| 25:33 | Build | Town Center |
| 25:34 | Create | Villager (Male) |
| 25:44 | Create | Archer ×3 |
| 25:48 | Research | Padded Archer Armor |
| 26:22 | Create | Archer ×2 |
| 26:22 | Create | Archer ×2 |
| 26:24 | Create | Villager (Male) |
| 26:28 | Research | Heavy Plow |
Build order — InterfectoremTR
First 150 of 486 actions detected
| 0:02 | Research | Loom |
| 0:02 | Create | Villager (Male) |
| 0:03 | Create | Villager (Male) |
| 0:03 | Create | Villager (Male) |
| 0:03 | Create | Villager (Male) |
| 0:03 | Create | Villager (Male) |
| 0:05 | Build | House |
| 0:07 | Build | House |
| 0:08 | Build | House |
| 0:48 | Create | Villager (Male) |
| 0:49 | Create | Villager (Male) |
| 2:01 | Create | Villager (Male) |
| 2:02 | Create | Villager (Male) |
| 3:03 | Create | Villager (Male) |
| 3:03 | Create | Villager (Male) |
| 3:03 | Create | Villager (Male) |
| 3:38 | Build | Mill |
| 3:52 | Create | Villager (Male) |
| 4:36 | Create | Villager (Male) |
| 4:36 | Create | Villager (Male) |
| 4:36 | Create | Villager (Male) |
| 4:36 | Create | Villager (Male) |
| 5:11 | Create | Villager (Male) |
| 5:12 | Create | Villager (Male) |
| 5:35 | Build | House |
| 5:36 | Build | House |
| 5:38 | Build | House |
| 6:00 | Create | Villager (Male) |
| 6:00 | Create | Villager (Male) |
| 6:01 | Create | Villager (Male) |
| 6:20 | Create | Villager (Male) |
| 6:21 | Create | Villager (Male) |
| 6:56 | Create | Villager (Male) |
| 6:56 | Create | Villager (Male) |
| 6:59 | Build | Lumber Camp |
| 7:15 | Create | Villager (Male) |
| 7:15 | Create | Villager (Male) |
| 7:23 | Build | House |
| 7:25 | Build | House |
| 8:50 | Create | Villager (Male) |
| 8:51 | Create | Villager (Male) |
| 8:53 | Build | House |
| 9:09 | Build | Mill |
| 9:41 | Build | Mining Camp |
| 10:15 | Research | Feudal Age |
| 11:28 | Create | Villager (Male) |
| 11:51 | Create | Villager (Male) |
| 12:25 | Age | Feudal Age |
| 12:27 | Build | Market |
| 12:37 | Build | Blacksmith |
| 12:45 | Build | House |
| 12:46 | Build | House |
| 12:48 | Build | House |
| 12:59 | Create | Villager (Male) |
| 13:45 | Research | Castle Age |
| 14:34 | Create | Villager (Male) |
| 14:40 | Build | Barracks |
| 15:02 | Create | Villager (Male) |
| 15:47 | Create | Villager (Male) |
| 16:05 | Create | Villager (Male) |
| 16:11 | Build | Gate |
| 16:16 | Build | Stone Wall |
| 16:22 | Create | Villager (Male) |
| 16:25 | Age | Castle Age |
| 16:30 | Build | Monastery |
| 16:45 | Create | Villager (Male) |
| 16:51 | Build | Town Center |
| 16:56 | Create | Villager (Male) |
| 17:12 | Build | Mining Camp |
| 17:15 | Create | Monk |
| 17:40 | Build | Stone Wall |
| 17:49 | Create | Villager (Male) |
| 17:54 | Build | Farm |
| 17:57 | Build | Farm |
| 17:57 | Build | Farm |
| 17:59 | Build | Farm |
| 18:01 | Build | Farm |
| 18:04 | Build | Farm |
| 18:06 | Create | Villager (Male) |
| 18:08 | Build | Farm |
| 18:13 | Create | Monk |
| 18:22 | Build | Farm |
| 18:24 | Build | Farm |
| 18:35 | Build | Farm |
| 18:40 | Create | Villager (Male) |
| 18:40 | Create | Villager (Male) |
| 18:40 | Create | Villager (Male) |
| 19:00 | Build | Stone Wall |
| 19:01 | Build | Stone Wall |
| 19:42 | Research | Horse Collar |
| 19:43 | Research | Double-Bit Axe |
| 19:45 | Create | Villager (Male) |
| 19:45 | Create | Villager (Male) |
| 19:47 | Build | Farm |
| 20:11 | Build | House |
| 20:13 | Build | House |
| 20:18 | Build | Farm |
| 20:22 | Create | Villager (Male) |
| 20:22 | Create | Villager (Male) |
| 20:24 | Create | Villager (Male) |
| 20:24 | Create | Villager (Male) |
| 20:27 | Research | Heavy Plow |
| 20:44 | Build | House |
| 20:45 | Build | House |
| 20:46 | Build | House |
| 20:47 | Build | House |
| 20:51 | Create | Villager (Male) |
| 20:52 | Create | Villager (Male) |
| 20:54 | Build | Farm |
| 21:15 | Research | Bow Saw |
| 21:16 | Research | Bow Saw |
| 21:35 | Create | Villager (Male) |
| 21:35 | Create | Villager (Male) |
| 21:41 | Build | Town Center |
| 21:47 | Create | Villager (Male) |
| 21:47 | Create | Villager (Male) |
| 22:10 | Build | Farm |
| 22:12 | Create | Villager (Male) |
| 22:12 | Create | Villager (Male) |
| 22:18 | Build | Farm |
| 22:22 | Create | Villager (Male) |
| 22:30 | Build | Farm |
| 22:55 | Build | Castle |
| 23:01 | Create | Villager (Male) |
| 23:01 | Create | Villager (Male) |
| 23:08 | Build | Town Center |
| 23:12 | Create | Villager (Male) |
| 23:12 | Create | Villager (Male) |
| 23:13 | Build | Farm |
| 23:14 | Build | Farm |
| 23:15 | Build | Farm |
| 23:17 | Create | Villager (Male) |
| 23:17 | Create | Villager (Male) |
| 23:17 | Create | Villager (Male) |
| 23:17 | Create | Villager (Male) |
| 23:23 | Create | Villager (Male) |
| 23:23 | Create | Villager (Male) |
| 23:46 | Build | Stone Wall |
| 24:36 | Build | Stone Wall |
| 25:48 | Build | Town Center |
| 25:49 | Create | Villager (Male) |
| 25:49 | Create | Villager (Male) |
| 25:49 | Create | Villager (Male) |
| 25:50 | Create | Villager (Male) |
| 25:50 | Create | Villager (Male) |
| 25:50 | Create | Villager (Male) |
| 25:50 | Create | Villager (Male) |
| 25:51 | Create | Villager (Male) |
| 25:51 | Create | Villager (Male) |
| 25:51 | Create | Villager (Male) |
Build order — Wospenzukh
99 actions detected in the replay
| 0:02 | Research | Loom |
| 0:02 | Create | Villager (Male) |
| 0:02 | Create | Villager (Male) |
| 0:10 | Build | House |
| 0:30 | Build | Palisade Wall |
| 0:45 | Build | Palisade Wall |
| 1:05 | Create | Villager (Male) |
| 1:21 | Create | Villager (Male) |
| 1:21 | Create | Villager (Male) |
| 3:22 | Create | Villager (Male) |
| 3:22 | Create | Villager (Male) |
| 4:32 | Build | House |
| 4:53 | Create | Villager (Male) |
| 5:17 | Build | House |
| 5:27 | Build | House |
| 5:50 | Build | Palisade Wall |
| 5:51 | Build | Palisade Wall |
| 5:52 | Build | Palisade Wall |
| 6:09 | Create | Villager (Male) |
| 6:10 | Create | Villager (Male) |
| 6:29 | Create | Villager (Male) |
| 6:29 | Create | Villager (Male) |
| 7:07 | Create | Villager (Male) |
| 7:35 | Create | Villager (Male) |
| 7:35 | Create | Villager (Male) |
| 8:15 | Create | Villager (Male) |
| 8:16 | Create | Villager (Male) |
| 8:43 | Create | Villager (Male) |
| 8:43 | Create | Villager (Male) |
| 8:44 | Create | Villager (Male) |
| 9:38 | Create | Villager (Male) |
| 10:08 | Build | Palisade Wall |
| 10:10 | Create | Villager (Male) |
| 10:31 | Create | Villager (Male) |
| 10:54 | Build | Mill |
| 11:06 | Build | Palisade Wall |
| 11:49 | Create | Villager (Male) |
| 11:49 | Create | Villager (Male) |
| 12:04 | Build | Barracks |
| 12:39 | Create | Villager (Male) |
| 12:47 | Create | Villager (Male) |
| 12:53 | Create | Villager (Male) |
| 13:09 | Create | Militia |
| 13:10 | Create | Militia |
| 14:10 | Research | Feudal Age |
| 14:15 | Create | Militia |
| 15:24 | Build | Mining Camp |
| 15:52 | Create | Villager (Male) |
| 16:15 | Build | Lumber Camp |
| 16:20 | Age | Feudal Age |
| 16:52 | Build | House |
| 18:04 | Build | Market |
| 18:35 | Build | Gate |
| 18:40 | Build | Stone Wall |
| 19:04 | Build | Stone Wall |
| 19:07 | Build | Stone Wall |
| 19:24 | Build | Blacksmith |
| 19:27 | Create | Villager (Male) |
| 20:03 | Create | Militia |
| 20:14 | Create | Villager (Male) |
| 20:15 | Research | Castle Age |
| 21:13 | Build | Farm |
| 21:16 | Build | Farm |
| 21:16 | Build | Farm |
| 21:17 | Build | Farm |
| 21:17 | Build | Farm |
| 21:23 | Build | Archery Range |
| 22:11 | Create | Villager (Male) |
| 22:32 | Build | Stone Wall |
| 22:49 | Research | Double-Bit Axe |
| 22:56 | Age | Castle Age |
| 23:53 | Build | Town Center |
| 24:35 | Build | Watch Tower |
| 25:31 | Create | Villager (Male) |
| 25:41 | Create | Genitour |
| 25:56 | Research | Fletching |
| 26:13 | Build | Watch Tower |
| 26:57 | Create | Villager (Male) |
| 27:14 | Create | Villager (Male) |
| 27:26 | Build | Mining Camp |
| 27:30 | Create | Genitour |
| 27:48 | Create | Villager (Male) |
| 28:09 | Create | Villager (Male) |
| 28:14 | Build | House |
| 28:45 | Build | Stone Wall |
| 28:55 | Build | Stone Wall |
| 29:04 | Build | Farm |
| 29:10 | Create | Villager (Male) |
| 29:32 | Create | Genitour |
| 29:58 | Create | Genitour |
| 30:05 | Build | House |
| 30:38 | Build | Town Center |
| 30:49 | Create | Genitour |
| 31:07 | Build | Farm |
| 31:09 | Build | Farm |
| 32:28 | Research | Bow Saw |
| 32:31 | Research | Horse Collar |
| 33:05 | Build | Town Center |
| 33:37 | Build | Town Center |
Build order — tigerdownhill_
First 150 of 328 actions detected
| 0:01 | Create | Villager (Male) |
| 0:02 | Create | Villager (Male) |
| 0:02 | Create | Villager (Male) |
| 0:02 | Create | Villager (Male) |
| 0:03 | Build | House |
| 0:06 | Research | Loom |
| 0:07 | Create | Villager (Male) |
| 0:07 | Create | Villager (Male) |
| 0:14 | Create | Villager (Male) |
| 0:14 | Create | Villager (Male) |
| 0:16 | Build | House |
| 0:49 | Build | Palisade Wall |
| 1:01 | Build | Palisade Wall |
| 1:02 | Build | Palisade Wall |
| 2:22 | Create | Villager (Male) |
| 2:22 | Create | Villager (Male) |
| 2:36 | Build | Palisade Wall |
| 2:45 | Build | Palisade Wall |
| 2:53 | Build | Palisade Wall |
| 2:55 | Build | Palisade Wall |
| 2:56 | Build | Palisade Wall |
| 2:57 | Build | Palisade Wall |
| 3:00 | Build | Palisade Wall |
| 3:02 | Build | Palisade Wall |
| 3:07 | Build | Palisade Wall |
| 3:15 | Create | Villager (Male) |
| 3:15 | Create | Villager (Male) |
| 3:21 | Build | Palisade Wall |
| 4:13 | Build | Palisade Wall |
| 4:23 | Build | Palisade Wall |
| 4:29 | Create | Villager (Male) |
| 4:29 | Create | Villager (Male) |
| 4:29 | Create | Villager (Male) |
| 4:38 | Build | Palisade Wall |
| 4:41 | Build | Palisade Wall |
| 4:46 | Build | Palisade Wall |
| 4:51 | Create | Villager (Male) |
| 4:52 | Create | Villager (Male) |
| 4:52 | Create | Villager (Male) |
| 5:19 | Build | Palisade Wall |
| 5:20 | Build | Palisade Wall |
| 5:25 | Build | Palisade Wall |
| 5:28 | Build | Palisade Wall |
| 5:34 | Build | Palisade Wall |
| 5:37 | Build | Palisade Wall |
| 5:40 | Build | Palisade Wall |
| 5:45 | Build | Palisade Wall |
| 5:46 | Build | Palisade Wall |
| 5:48 | Build | Palisade Wall |
| 5:59 | Build | Palisade Wall |
| 6:01 | Build | Palisade Wall |
| 6:02 | Create | Villager (Male) |
| 6:02 | Create | Villager (Male) |
| 6:02 | Create | Villager (Male) |
| 6:26 | Build | Palisade Wall |
| 6:40 | Create | Villager (Male) |
| 6:40 | Create | Villager (Male) |
| 6:55 | Build | Palisade Wall |
| 7:07 | Create | Villager (Male) |
| 7:07 | Create | Villager (Male) |
| 7:21 | Build | Palisade Wall |
| 7:35 | Create | Villager (Male) |
| 7:35 | Create | Villager (Male) |
| 7:36 | Build | House |
| 7:56 | Create | Villager (Male) |
| 7:56 | Create | Villager (Male) |
| 8:14 | Create | Villager (Male) |
| 8:15 | Create | Villager (Male) |
| 8:28 | Build | Palisade Wall |
| 8:32 | Build | Palisade Wall |
| 8:42 | Build | Palisade Wall |
| 8:43 | Create | Villager (Male) |
| 8:44 | Create | Villager (Male) |
| 8:58 | Build | House |
| 9:02 | Build | Palisade Wall |
| 9:13 | Create | Villager (Male) |
| 9:13 | Create | Villager (Male) |
| 9:13 | Create | Villager (Male) |
| 9:14 | Create | Villager (Male) |
| 9:24 | Build | Palisade Wall |
| 9:38 | Build | Lumber Camp |
| 9:56 | Build | Palisade Wall |
| 10:01 | Build | Palisade Wall |
| 10:05 | Build | Palisade Wall |
| 10:09 | Build | Palisade Wall |
| 10:21 | Build | House |
| 10:32 | Build | Palisade Wall |
| 10:56 | Build | Palisade Wall |
| 11:04 | Build | Palisade Wall |
| 11:10 | Create | Villager (Male) |
| 12:10 | Build | Mining Camp |
| 12:28 | Build | Palisade Wall |
| 12:34 | Research | Feudal Age |
| 12:34 | Research | Feudal Age |
| 13:05 | Build | Palisade Wall |
| 14:28 | Build | House |
| 14:36 | Build | Barracks |
| 14:40 | Create | Villager (Male) |
| 14:44 | Age | Feudal Age |
| 15:04 | Create | Villager (Male) |
| 15:13 | Build | Archery Range |
| 15:15 | Build | Palisade Wall |
| 15:17 | Build | Palisade Wall |
| 15:18 | Build | Palisade Wall |
| 15:22 | Create | Villager (Male) |
| 15:32 | Build | Blacksmith |
| 15:36 | Create | Villager (Male) |
| 16:12 | Research | Fletching |
| 16:13 | Research | Fletching |
| 16:14 | Create | Villager (Male) |
| 16:29 | Build | Archery Range |
| 16:34 | Create | Archer |
| 16:35 | Create | Archer |
| 16:36 | Create | Archer |
| 16:37 | Create | Archer |
| 16:47 | Create | Villager (Male) |
| 16:59 | Build | Mill |
| 17:02 | Create | Villager (Male) |
| 17:10 | Build | Mill |
| 17:15 | Create | Archer |
| 17:30 | Build | Mining Camp |
| 17:37 | Create | Villager (Male) |
| 17:43 | Create | Archer |
| 17:53 | Build | House |
| 18:05 | Create | Archer |
| 18:06 | Create | Archer |
| 18:09 | Build | House |
| 18:17 | Create | Villager (Male) |
| 18:34 | Create | Archer ×2 |
| 18:36 | Create | Villager (Male) |
| 18:54 | Create | Archer |
| 18:54 | Create | Archer |
| 19:03 | Create | Archer |
| 19:22 | Create | Villager (Male) |
| 19:25 | Research | Double-Bit Axe |
| 19:40 | Build | House |
| 19:44 | Build | House |
| 19:46 | Create | Archer |
| 20:00 | Create | Archer |
| 20:06 | Create | Villager (Male) |
| 20:09 | Build | House |
| 20:20 | Build | Outpost |
| 20:44 | Build | Palisade Wall |
| 20:47 | Build | Palisade Wall |
| 20:49 | Build | Palisade Wall |
| 21:01 | Create | Archer ×3 |
| 21:05 | Create | Villager (Male) |
| 21:20 | Create | Villager (Male) |
| 21:23 | Build | House |
| 21:26 | Research | Horse Collar |
Build order — びたみん
First 150 of 317 actions detected
| 0:02 | Create | Villager (Male) |
| 0:02 | Create | Villager (Male) |
| 0:05 | Build | House |
| 0:08 | Build | House |
| 0:37 | Research | Loom |
| 0:37 | Create | Villager (Male) |
| 0:37 | Create | Villager (Male) |
| 1:39 | Create | Villager (Male) |
| 1:39 | Create | Villager (Male) |
| 1:40 | Create | Villager (Male) |
| 2:21 | Create | Villager (Male) |
| 2:21 | Create | Villager (Male) |
| 3:02 | Build | House |
| 3:11 | Create | Villager (Male) |
| 3:12 | Create | Villager (Male) |
| 3:29 | Build | House |
| 3:30 | Build | House |
| 3:33 | Build | House |
| 3:46 | Create | Villager (Male) |
| 3:46 | Create | Villager (Male) |
| 4:40 | Create | Villager (Male) |
| 4:40 | Create | Villager (Male) |
| 4:48 | Build | Lumber Camp |
| 4:50 | Create | Villager (Male) |
| 4:50 | Create | Villager (Male) |
| 5:45 | Create | Villager (Male) |
| 5:45 | Create | Villager (Male) |
| 6:00 | Create | Villager (Male) |
| 6:25 | Create | Villager (Male) |
| 6:56 | Build | Mill |
| 6:59 | Create | Villager (Male) |
| 6:59 | Create | Villager (Male) |
| 7:33 | Create | Villager (Male) |
| 8:18 | Create | Villager (Male) |
| 9:04 | Build | Mining Camp |
| 9:08 | Create | Villager (Male) |
| 9:57 | Build | Mining Camp |
| 10:30 | Research | Feudal Age |
| 12:05 | Build | House |
| 12:08 | Build | House |
| 12:20 | Create | Villager (Male) |
| 12:21 | Create | Villager (Male) |
| 12:40 | Age | Feudal Age |
| 13:26 | Create | Villager (Male) |
| 13:27 | Create | Villager (Male) |
| 13:38 | Create | Villager (Male) |
| 13:38 | Create | Villager (Male) |
| 13:40 | Research | Wheelbarrow |
| 13:56 | Build | Market |
| 14:04 | Build | Blacksmith |
| 14:38 | Research | Wheelbarrow |
| 15:19 | Research | Double-Bit Axe |
| 15:23 | Research | Horse Collar |
| 16:19 | Research | Castle Age |
| 16:36 | Build | Farm |
| 16:38 | Build | Farm |
| 16:39 | Build | Farm |
| 16:41 | Build | Farm |
| 16:43 | Build | Farm |
| 16:45 | Build | Farm |
| 16:52 | Build | Farm |
| 18:47 | Create | Villager (Male) |
| 18:47 | Create | Villager (Male) |
| 18:47 | Create | Villager (Male) |
| 18:47 | Create | Villager (Male) |
| 18:59 | Age | Castle Age |
| 19:05 | Build | Town Center |
| 19:17 | Build | Town Center |
| 19:23 | Research | Gold Mining |
| 19:26 | Research | Stone Mining |
| 20:01 | Create | Villager (Male) |
| 20:02 | Create | Villager (Male) |
| 20:08 | Build | Farm |
| 20:11 | Build | Farm |
| 20:12 | Build | Farm |
| 20:14 | Build | Farm |
| 20:15 | Build | Farm |
| 20:42 | Build | Castle |
| 21:03 | Create | Villager (Male) |
| 21:05 | Create | Villager (Male) |
| 21:05 | Create | Villager (Male) |
| 21:05 | Create | Villager (Male) |
| 21:21 | Create | Villager (Male) |
| 21:24 | Research | Heavy Plow |
| 21:41 | Create | Villager (Male) |
| 21:41 | Create | Villager (Male) |
| 21:46 | Build | Farm |
| 21:48 | Build | Farm |
| 21:57 | Create | Villager (Male) |
| 22:06 | Build | Farm |
| 22:12 | Build | Farm |
| 22:19 | Build | Farm |
| 22:20 | Create | Villager (Male) |
| 22:24 | Create | Villager (Male) |
| 22:43 | Build | Lumber Camp |
| 22:53 | Research | Fletching |
| 22:56 | Create | Villager (Male) |
| 23:03 | Build | Farm |
| 23:12 | Create | Villager (Male) |
| 23:18 | Build | Farm |
| 23:19 | Build | Farm |
| 23:25 | Create | Villager (Male) |
| 23:27 | Create | Villager (Male) |
| 23:28 | Create | Villager (Male) |
| 23:30 | Create | Villager (Male) |
| 23:40 | Build | Farm |
| 23:43 | Create | Villager (Male) |
| 24:05 | Create | Villager (Male) |
| 24:16 | Create | Unit 1908 |
| 24:23 | Create | Villager (Male) |
| 24:27 | Create | Villager (Male) |
| 24:35 | Build | Town Center |
| 24:59 | Create | Unit 1908 |
| 24:59 | Create | Unit 1908 |
| 25:15 | Create | Villager (Male) |
| 25:15 | Create | Villager (Male) |
| 25:16 | Create | Villager (Male) |
| 25:17 | Create | Villager (Male) |
| 25:19 | Create | Villager (Male) |
| 25:19 | Create | Villager (Male) |
| 25:27 | Build | Mill |
| 25:30 | Build | Farm |
| 25:31 | Build | Farm |
| 25:32 | Build | Farm |
| 25:34 | Build | Farm |
| 25:35 | Build | Farm |
| 25:36 | Build | Farm |
| 25:38 | Build | Farm |
| 25:39 | Build | Farm |
| 25:47 | Create | Villager (Male) |
| 25:48 | Create | Villager (Male) |
| 25:54 | Create | Villager (Male) |
| 25:54 | Create | Villager (Male) |
| 26:00 | Build | Farm |
| 26:01 | Build | Farm |
| 26:06 | Build | House |
| 26:07 | Build | House |
| 26:08 | Build | House |
| 26:12 | Create | Villager (Male) |
| 26:12 | Create | Villager (Male) |
| 26:15 | Create | Villager (Male) |
| 26:18 | Create | Villager (Male) |
| 26:21 | Create | Villager (Male) |
| 26:21 | Create | Villager (Male) |
| 26:21 | Create | Villager (Male) |
| 26:37 | Create | Villager (Male) |
| 26:37 | Create | Villager (Male) |
| 26:43 | Create | Villager (Male) |
| 26:49 | Build | Monastery |
| 26:53 | Create | Villager (Male) |
Build order — shogun
First 150 of 361 actions detected
| 0:02 | Create | Villager (Male) |
| 0:03 | Create | Villager (Male) |
| 0:03 | Create | Villager (Male) |
| 0:03 | Create | Villager (Male) |
| 0:03 | Create | Villager (Male) |
| 0:05 | Build | House |
| 1:06 | Research | Loom |
| 2:00 | Create | Villager (Male) |
| 2:00 | Create | Villager (Male) |
| 2:16 | Create | Villager (Male) |
| 2:17 | Create | Villager (Male) |
| 2:19 | Build | House |
| 2:37 | Create | Villager (Male) |
| 2:38 | Create | Villager (Male) |
| 3:05 | Build | House |
| 3:35 | Create | Villager (Male) |
| 3:35 | Create | Villager (Male) |
| 4:22 | Create | Villager (Male) |
| 4:23 | Create | Villager (Male) |
| 4:39 | Build | Lumber Camp |
| 4:47 | Create | Villager (Male) |
| 4:48 | Create | Villager (Male) |
| 4:57 | Create | Villager (Male) |
| 4:58 | Create | Villager (Male) |
| 5:21 | Create | Villager (Male) |
| 5:21 | Create | Villager (Male) |
| 5:22 | Create | Villager (Male) |
| 5:39 | Build | House |
| 5:54 | Create | Villager (Male) |
| 5:55 | Create | Villager (Male) |
| 7:10 | Create | Villager (Male) |
| 7:22 | Build | Mining Camp |
| 7:26 | Create | Villager (Male) |
| 8:08 | Research | Feudal Age |
| 9:04 | Build | Barracks |
| 9:14 | Create | Villager (Male) |
| 9:15 | Create | Villager (Male) |
| 9:57 | Create | Villager (Male) |
| 10:20 | Age | Feudal Age |
| 10:22 | Build | Archery Range |
| 10:51 | Build | Blacksmith |
| 10:55 | Create | Archer |
| 11:06 | Create | Archer |
| 11:07 | Build | House |
| 11:16 | Research | Town Watch |
| 11:27 | Build | House |
| 11:33 | Research | Fletching |
| 11:33 | Research | Padded Archer Armor |
| 11:35 | Create | Archer |
| 11:46 | Research | Wheelbarrow |
| 11:47 | Create | Villager (Male) |
| 11:47 | Create | Villager (Male) |
| 12:18 | Create | Archer |
| 12:26 | Build | House |
| 12:45 | Create | Villager (Male) |
| 12:50 | Research | Double-Bit Axe |
| 12:58 | Create | Archer |
| 13:07 | Create | Archer |
| 13:32 | Create | Villager (Male) |
| 13:32 | Create | Villager (Male) |
| 13:36 | Build | House |
| 13:44 | Build | Mill |
| 14:22 | Create | Villager (Male) |
| 14:23 | Create | Villager (Male) |
| 14:25 | Create | Archer |
| 14:25 | Create | Archer |
| 14:26 | Create | Archer |
| 14:34 | Build | Watch Tower |
| 14:50 | Create | Villager (Male) |
| 14:58 | Create | Villager (Male) |
| 14:58 | Create | Villager (Male) |
| 14:58 | Create | Villager (Male) |
| 15:40 | Create | Villager (Male) |
| 15:40 | Create | Villager (Male) |
| 15:41 | Create | Villager (Male) |
| 15:41 | Create | Villager (Male) |
| 16:17 | Create | Archer |
| 16:30 | Create | Villager (Male) |
| 16:30 | Create | Villager (Male) |
| 16:41 | Build | Mining Camp |
| 16:48 | Create | Archer |
| 16:48 | Create | Archer |
| 17:05 | Research | Horse Collar |
| 17:40 | Build | Mining Camp |
| 17:52 | Create | Archer |
| 17:52 | Create | Archer |
| 18:00 | Build | Lumber Camp |
| 18:09 | Build | Farm |
| 18:12 | Build | Farm |
| 18:13 | Build | Farm |
| 18:14 | Build | Farm |
| 18:15 | Build | Farm |
| 18:15 | Build | Farm |
| 18:16 | Build | Farm |
| 18:37 | Create | Villager (Male) |
| 18:44 | Create | Villager (Male) |
| 18:44 | Create | Villager (Male) |
| 18:59 | Build | Farm |
| 18:59 | Build | Farm |
| 19:03 | Build | Farm |
| 19:26 | Build | Farm |
| 19:29 | Create | Villager (Male) |
| 19:31 | Build | Farm |
| 19:37 | Build | Farm |
| 19:49 | Create | Villager (Male) |
| 20:04 | Build | Farm |
| 20:13 | Build | Farm |
| 20:28 | Build | Farm |
| 20:34 | Create | Villager (Male) |
| 20:40 | Build | Farm |
| 20:44 | Build | House |
| 20:56 | Create | Villager (Male) |
| 21:16 | Research | Castle Age |
| 21:16 | Research | Castle Age |
| 21:26 | Build | Lumber Camp |
| 21:46 | Research | Stone Mining |
| 21:49 | Research | Gold Mining |
| 22:09 | Create | Villager (Male) |
| 22:28 | Create | Villager (Male) |
| 22:45 | Build | House |
| 22:49 | Build | House |
| 22:52 | Create | Villager (Male) |
| 22:52 | Create | Villager (Male) |
| 23:28 | Create | Villager (Male) |
| 23:29 | Create | Villager (Male) |
| 24:12 | Age | Castle Age |
| 24:17 | Research | Bodkin Arrow |
| 24:21 | Research | Crossbowman (upgrade) |
| 24:34 | Build | Stable |
| 24:36 | Research | Scale Barding Armor |
| 24:37 | Research | Forging |
| 24:40 | Research | Bow Saw |
| 24:44 | Create | Villager (Male) |
| 24:45 | Create | Villager (Male) |
| 24:51 | Build | Town Center |
| 25:04 | Create | Archer |
| 25:04 | Create | Archer |
| 25:04 | Create | Archer |
| 25:28 | Create | Villager (Male) |
| 25:37 | Research | Stone Shaft Mining |
| 26:05 | Create | Villager (Male) |
| 26:05 | Create | Villager (Male) |
| 26:06 | Create | Villager (Male) |
| 26:08 | Create | Villager (Male) |
| 26:09 | Create | Villager (Male) |
| 26:21 | Build | Castle |
| 26:36 | Build | Castle |
| 26:38 | Create | Villager (Male) |
| 26:39 | Create | Villager (Male) |
| 27:01 | Create | Villager (Male) |
Build order — 头铁
First 150 of 269 actions detected
| 0:02 | Create | Villager (Male) |
| 0:02 | Create | Villager (Male) |
| 0:02 | Create | Villager (Male) |
| 0:02 | Create | Villager (Male) |
| 0:03 | Create | Villager (Male) |
| 0:05 | Build | House |
| 0:07 | Build | House |
| 0:09 | Build | House |
| 1:31 | Create | Villager (Male) |
| 1:31 | Create | Villager (Male) |
| 2:34 | Create | Villager (Male) |
| 2:34 | Create | Villager (Male) |
| 2:35 | Create | Villager (Male) |
| 2:40 | Build | Lumber Camp |
| 3:00 | Create | Villager (Male) |
| 3:00 | Create | Villager (Male) |
| 3:06 | Create | Villager (Male) |
| 3:06 | Create | Villager (Male) |
| 3:22 | Build | House |
| 3:40 | Create | Villager (Male) |
| 3:41 | Create | Villager (Male) |
| 4:40 | Create | Villager (Male) |
| 4:41 | Create | Villager (Male) |
| 4:43 | Create | Villager (Male) |
| 4:43 | Create | Villager (Male) |
| 4:44 | Create | Villager (Male) |
| 5:02 | Build | House |
| 5:21 | Create | Villager (Male) |
| 5:21 | Create | Villager (Male) |
| 5:38 | Build | Mill |
| 6:05 | Create | Villager (Male) |
| 6:05 | Create | Villager (Male) |
| 6:06 | Create | Villager (Male) |
| 6:44 | Build | House |
| 7:26 | Create | Villager (Male) |
| 7:35 | Build | Farm |
| 7:37 | Build | Farm |
| 7:44 | Build | Mining Camp |
| 7:48 | Create | Villager (Male) |
| 8:05 | Research | Feudal Age |
| 9:21 | Create | Villager (Male) |
| 9:22 | Create | Villager (Male) |
| 9:22 | Create | Villager (Male) |
| 9:22 | Create | Villager (Male) |
| 10:35 | Age | Feudal Age |
| 10:41 | Build | Market |
| 10:50 | Build | Blacksmith |
| 11:04 | Build | Farm |
| 11:36 | Build | Farm |
| 11:47 | Build | Farm |
| 11:54 | Create | Villager (Male) |
| 12:01 | Build | House |
| 12:18 | Research | Castle Age |
| 12:19 | Research | Castle Age |
| 12:51 | Research | Double-Bit Axe |
| 13:20 | Research | Horse Collar |
| 13:21 | Research | Horse Collar |
| 14:26 | Create | Villager (Male) |
| 14:26 | Create | Villager (Male) |
| 14:26 | Create | Villager (Male) |
| 14:28 | Create | Villager (Male) |
| 14:58 | Age | Castle Age |
| 15:14 | Build | Town Center |
| 16:18 | Build | Town Center |
| 16:27 | Create | Villager (Male) |
| 16:27 | Create | Villager (Male) |
| 16:27 | Create | Villager (Male) |
| 16:40 | Create | Villager (Male) |
| 16:41 | Create | Villager (Male) |
| 16:41 | Create | Villager (Male) |
| 17:02 | Research | Bow Saw |
| 17:03 | Research | Bow Saw |
| 17:30 | Create | Villager (Male) |
| 17:30 | Create | Villager (Male) |
| 17:30 | Create | Villager (Male) |
| 17:31 | Create | Villager (Male) |
| 17:45 | Build | Barracks |
| 17:54 | Create | Villager (Male) |
| 18:23 | Build | Farm |
| 18:29 | Build | Farm |
| 18:32 | Build | Farm |
| 18:39 | Build | Stable |
| 18:43 | Create | Villager (Male) |
| 18:43 | Create | Villager (Male) |
| 18:46 | Build | Farm |
| 18:51 | Build | House |
| 19:20 | Create | Steppe Lancer |
| 19:20 | Create | Steppe Lancer |
| 19:25 | Build | Farm |
| 19:26 | Build | Farm |
| 19:31 | Create | Villager (Male) |
| 19:31 | Create | Villager (Male) |
| 19:33 | Build | House |
| 19:35 | Build | House |
| 19:37 | Build | House |
| 19:52 | Create | Steppe Lancer |
| 20:05 | Research | Loom |
| 20:09 | Create | Villager (Male) |
| 20:13 | Build | Farm |
| 20:16 | Build | Farm |
| 20:20 | Build | Farm |
| 20:29 | Build | House |
| 20:29 | Build | House |
| 20:51 | Create | Steppe Lancer |
| 20:58 | Create | Villager (Male) |
| 20:58 | Create | Villager (Male) |
| 20:58 | Create | Villager (Male) |
| 21:50 | Build | House |
| 21:54 | Build | Farm |
| 21:56 | Build | Farm |
| 22:00 | Build | House |
| 22:01 | Build | House |
| 22:04 | Create | Villager (Male) |
| 22:04 | Create | Villager (Male) |
| 22:05 | Create | Villager (Male) |
| 22:08 | Build | House |
| 22:09 | Build | House |
| 22:14 | Build | Farm |
| 22:15 | Build | Farm |
| 22:20 | Build | Farm |
| 22:57 | Create | Villager (Male) |
| 22:57 | Create | Villager (Male) |
| 23:19 | Build | House |
| 23:19 | Build | House |
| 23:20 | Build | House |
| 23:21 | Build | House |
| 23:25 | Build | Farm |
| 23:29 | Build | Farm |
| 23:39 | Build | Monastery |
| 23:42 | Create | Villager (Male) |
| 23:44 | Create | Villager (Male) |
| 23:44 | Create | Villager (Male) |
| 23:44 | Create | Villager (Male) |
| 23:45 | Create | Villager (Male) |
| 23:45 | Create | Villager (Male) |
| 23:45 | Create | Villager (Male) |
| 23:45 | Create | Villager (Male) |
| 23:46 | Create | Villager (Male) |
| 23:51 | Build | Lumber Camp |
| 24:03 | Build | Farm |
| 24:05 | Create | Villager (Male) |
| 24:06 | Create | Villager (Male) |
| 24:18 | Create | Steppe Lancer |
| 24:19 | Create | Steppe Lancer |
| 24:19 | Create | Steppe Lancer |
| 24:42 | Build | Farm |
| 24:44 | Build | Farm |
| 24:47 | Create | Villager (Male) |
| 24:50 | Create | Monk |
| 24:52 | Build | Farm |
Match timeline
| 0:30 | Wospenzukh · wall_segment Palisade Wall x9 |
| 0:45 | Wospenzukh · wall_segment Palisade Wall x10 |
| 0:49 | tigerdownhill_ · wall_segment Palisade Wall x7 |
| 1:01 | tigerdownhill_ · wall_segment Palisade Wall x1 |
| 1:02 | tigerdownhill_ · wall_segment Palisade Wall x1 |
| 1:43 | pataka · wall_segment Palisade Wall x9 |
| 2:18 | thomasshing2 · wall_segment Palisade Wall x13 |
| 2:36 | tigerdownhill_ · wall_segment Palisade Wall x1 |
| 2:45 | tigerdownhill_ · wall_segment Palisade Wall x8 |
| 2:53 | tigerdownhill_ · wall_segment Palisade Wall x1 |
| 2:55 | tigerdownhill_ · wall_segment Palisade Wall x1 |
| 2:56 | tigerdownhill_ · wall_segment Palisade Wall x1 |
| 2:57 | tigerdownhill_ · wall_segment Palisade Wall x1 |
| 3:00 | tigerdownhill_ · wall_segment Palisade Wall x1 |
| 3:02 | tigerdownhill_ · wall_segment Palisade Wall x1 |
| 3:07 | tigerdownhill_ · wall_segment Palisade Wall x1 |
| 3:21 | tigerdownhill_ · wall_segment Palisade Wall x8 |
| 4:13 | tigerdownhill_ · wall_segment Palisade Wall x6 |
| 4:23 | tigerdownhill_ · wall_segment Palisade Wall x1 |
| 4:38 | tigerdownhill_ · wall_segment Palisade Wall x1 |
| 4:41 | tigerdownhill_ · wall_segment Palisade Wall x1 |
| 4:46 | tigerdownhill_ · wall_segment Palisade Wall x1 |
| 5:19 | tigerdownhill_ · wall_segment Palisade Wall x1 |
| 5:20 | tigerdownhill_ · wall_segment Palisade Wall x1 |
| 5:25 | tigerdownhill_ · wall_segment Palisade Wall x1 |
| 5:27 | pataka · wall_segment Palisade Wall x1 |
| 5:28 | tigerdownhill_ · wall_segment Palisade Wall x1 |
| 5:34 | tigerdownhill_ · wall_segment Palisade Wall x1 |
| 5:37 | tigerdownhill_ · wall_segment Palisade Wall x1 |
| 5:40 | tigerdownhill_ · wall_segment Palisade Wall x2 |
| 5:45 | tigerdownhill_ · wall_segment Palisade Wall x1 |
| 5:46 | tigerdownhill_ · wall_segment Palisade Wall x1 |
| 5:48 | tigerdownhill_ · wall_segment Palisade Wall x1 |
| 5:50 | Wospenzukh · wall_segment Palisade Wall x1 |
| 5:51 | Wospenzukh · wall_segment Palisade Wall x1 |
| 5:52 | Wospenzukh · wall_segment Palisade Wall x1 |
| 5:59 | tigerdownhill_ · wall_segment Palisade Wall x1 |
| 6:01 | tigerdownhill_ · wall_segment Palisade Wall x1 |
| 6:26 | tigerdownhill_ · wall_segment Palisade Wall x1 |
| 6:55 | tigerdownhill_ · wall_segment Palisade Wall x1 |
| 7:21 | tigerdownhill_ · wall_segment Palisade Wall x1 |
| 8:28 | tigerdownhill_ · wall_segment Palisade Wall x1 |
| 8:32 | tigerdownhill_ · wall_segment Palisade Wall x1 |
| 8:42 | tigerdownhill_ · wall_segment Palisade Wall x4 |
| 9:02 | tigerdownhill_ · wall_segment Palisade Wall x4 |
| 9:04 | shogun · first_building Barracks |
| 9:24 | tigerdownhill_ · wall_segment Palisade Wall x1 |
| 9:56 | tigerdownhill_ · wall_segment Palisade Wall x1 |
| 10:01 | tigerdownhill_ · wall_segment Palisade Wall x1 |
| 10:05 | tigerdownhill_ · wall_segment Palisade Wall x1 |
| 10:08 | Wospenzukh · wall_segment Palisade Wall x8 |
| 10:09 | tigerdownhill_ · wall_segment Palisade Wall x1 |
| 10:20 | shogun · age_up feudal |
| 10:22 | shogun · first_building Archery Range |
| 10:32 | pataka · first_building Barracks |
| 10:32 | tigerdownhill_ · wall_segment Palisade Wall x6 |
| 10:35 | 头铁 · age_up feudal |
| 10:56 | tigerdownhill_ · wall_segment Palisade Wall x1 |
| 11:04 | tigerdownhill_ · wall_segment Palisade Wall x4 |
| 11:06 | Wospenzukh · wall_segment Palisade Wall x6 |
| 11:25 | pataka · age_up feudal |
| 11:33 | pataka · wall_segment Stone Wall x7 |
| 12:00 | pataka · first_building Archery Range |
| 12:04 | Wospenzukh · first_building Barracks |
| 12:10 | thomasshing2 · age_up feudal |
| 12:25 | InterfectoremTR · age_up feudal |
| 12:28 | tigerdownhill_ · wall_segment Palisade Wall x1 |
| 12:40 | びたみん · age_up feudal |
| 13:05 | tigerdownhill_ · wall_segment Palisade Wall x1 |
| 14:36 | tigerdownhill_ · first_building Barracks |
| 14:40 | InterfectoremTR · first_building Barracks |
| 14:44 | tigerdownhill_ · age_up feudal |
| 14:58 | 头铁 · age_up castle |
| 15:13 | tigerdownhill_ · first_building Archery Range |
| 15:15 | tigerdownhill_ · wall_segment Palisade Wall x1 |
| 15:17 | tigerdownhill_ · wall_segment Palisade Wall x1 |
| 15:18 | tigerdownhill_ · wall_segment Palisade Wall x1 |
| 15:28 | びたみん · first_market_buy 100 food |
| 15:46 | thomasshing2 · age_up castle |
| 16:15 | thomasshing2 · first_market_buy 100 stone |
| 16:16 | InterfectoremTR · wall_segment Stone Wall x4 |
| 16:20 | Wospenzukh · age_up feudal |
| 16:25 | InterfectoremTR · age_up castle |
| 16:30 | InterfectoremTR · first_building Monastery |
| 16:36 | thomasshing2 · first_building Monastery |
| 17:40 | InterfectoremTR · wall_segment Stone Wall x8 |
| 17:45 | 头铁 · first_building Barracks |
| 18:39 | 头铁 · first_building Stable |
| 18:40 | Wospenzukh · wall_segment Stone Wall x1 |
| 18:59 | びたみん · age_up castle |
| 19:00 | InterfectoremTR · wall_segment Stone Wall x3 |
| 19:01 | InterfectoremTR · wall_segment Stone Wall x6 |
| 19:04 | Wospenzukh · wall_segment Stone Wall x13 |
| 19:07 | Wospenzukh · wall_segment Stone Wall x8 |
| 20:09 | pataka · first_market_buy 100 food |
| 20:11 | pataka · first_market_sell 100 wood |
| 20:42 | びたみん · first_building Castle |
| 20:44 | tigerdownhill_ · wall_segment Palisade Wall x1 |
| 20:47 | tigerdownhill_ · wall_segment Palisade Wall x1 |
| 20:49 | tigerdownhill_ · wall_segment Palisade Wall x1 |
| 21:23 | Wospenzukh · first_building Archery Range |
| 21:33 | tigerdownhill_ · wall_segment Stone Wall x10 |
| 22:32 | Wospenzukh · wall_segment Stone Wall x1 |
| 22:47 | tigerdownhill_ · wall_segment Stone Wall x10 |
| 22:55 | InterfectoremTR · first_building Castle |
| 22:56 | Wospenzukh · age_up castle |
| 23:37 | Wospenzukh · first_market_buy 100 wood |
| 23:39 | 头铁 · first_building Monastery |
| 23:42 | Wospenzukh · first_market_sell 100 food |
| 23:46 | InterfectoremTR · wall_segment Stone Wall x14 |
| 24:12 | shogun · age_up castle |
| 24:23 | pataka · age_up castle |
| 24:34 | shogun · first_building Stable |
| 24:36 | InterfectoremTR · wall_segment Stone Wall x1 |
| 26:21 | shogun · first_building Castle |
| 26:49 | びたみん · first_building Monastery |
| 27:01 | pataka · first_building Monastery |
| 27:06 | thomasshing2 · first_building Castle |
| 27:11 | thomasshing2 · first_building Barracks |
| 28:13 | thomasshing2 · first_building Stable |
| 28:42 | tigerdownhill_ · age_up castle |
| 28:45 | Wospenzukh · wall_segment Stone Wall x6 |
| 28:47 | thomasshing2 · age_up imperial |
| 28:55 | Wospenzukh · wall_segment Stone Wall x4 |
| 30:12 | InterfectoremTR · first_building Siege Workshop |
| 30:13 | pataka · first_building Siege Workshop |
| 30:40 | 头铁 · first_building Siege Workshop |
| 31:35 | InterfectoremTR · first_building Stable |
| 31:55 | びたみん · first_market_sell 100 wood |
| 32:06 | shogun · wall_segment Stone Wall x2 |
| 32:20 | 头铁 · first_building Castle |
| 32:30 | shogun · wall_segment Stone Wall x1 |
| 32:58 | tigerdownhill_ · first_market_buy 100 food |
| 33:11 | びたみん · first_building Barracks |
| 33:19 | びたみん · first_building Siege Workshop |
| 33:50 | びたみん · first_building Stable |
| 33:54 | thomasshing2 · first_market_sell 100 food |
| 34:29 | びたみん · age_up imperial |
| 34:43 | 头铁 · age_up imperial |
| 35:16 | InterfectoremTR · age_up imperial |
| 36:18 | 头铁 · resign |
| 36:46 | tigerdownhill_ · first_building Monastery |
| 37:21 | tigerdownhill_ · first_building Castle |
| 38:09 | pataka · age_up imperial |
| 38:32 | びたみん · wall_segment Stone Wall x8 |
[ AI ANALYSIS · 1 CREDIT ]
What really happened in this match?
Wolo.gg analyzes every decision: build order, eco, micro, common mistakes by bracket. Personalized analysis on WhatsApp or Discord in 30 seconds.
Civ guide
Lithuanians
Perfil
Jugador #18493598